 Dungeon Crawl Stone Soup version 0.22.1-2-g9c5b331383 (webtiles) character file.

603 Jynx the Cudgeler (level 7, -12/44 HPs)
             Began as a Gargoyle Fighter on Dec 23, 2018.
             Mangled by an ogre
             ... wielding a +0 giant club
              (19 damage)
             ... on level 4 of the Dungeon.
             The game lasted 00:04:27 (3138 turns).

Jynx the Cudgeler (Gargoyle Fighter)                Turns: 3138, Time: 00:04:28

Health: -12/44     AC: 11    Str: 20    XL:     7   Next: 42%
Magic:  7/7        EV:  7    Int:  9    God:
Gold:   147        SH:  9    Dex: 10    Spells: 6/6 levels left

rFire    + . .     SeeInvis .   a - +0 flail
rCold    + . .     Gourm    .   c - +0 shield
rNeg     + . .     Faith    .   b - +0 scale mail
rPois    ∞         Spirit   .   (no helmet)
rElec    +         Reflect  .   g - scarf {rC+ rF+}
rCorr    .         Harm     .   (no gloves)
MR       .....                  (no boots)
Stlth    ..........             (no amulet)
HPRegen  0.14/turn              (no ring)
MPRegen  0.10/turn              (no ring)

@: no status effects
A: negative energy resistance 1, electricity resistance, unbreathing,
petrification resistance, rot immunity, AC +4
a: no special abilities


You were on level 4 of the Dungeon.
You were hungry.

You visited 1 branch of the dungeon, and saw 4 of its levels.

You collected 147 gold pieces.

Inventory:

Hand Weapons
 a - a +0 flail (weapon)
 p - a +0 morningstar
Armour
 b - a +0 scale mail (worn)
 c - a +0 shield (worn)
 g - a scarf of resistance (worn)
 o - a +0 chain mail
Wands
 k - a wand of polymorph (16)
Scrolls
 e - 7 scrolls of identify
 i - 3 scrolls of blinking {unknown}
 l - 3 scrolls of teleportation {unknown}
 n - a scroll of remove curse {unknown}
 q - a scroll of enchant armour {unknown}
 r - a scroll of magic mapping {unknown}
Potions
 d - a potion of might
 h - 4 potions of curing
 j - a potion of cancellation {unknown}
 m - a potion of brilliance {unknown}
Comestibles
 f - 5 rations


   Skills:
 + Level 5.3 Fighting
 * Level 5.8 Maces & Flails
 - Level 3.7 Armour
 - Level 5.0 Shields


You had 6 spell levels left.
You didn't know any spells.
Your spell library was empty.

Dungeon Overview and Level Annotations

Branches:
Dungeon (4/15)
 Temple: D:4-7

Altars:
Xom


Innate Abilities, Weirdness & Mutations

You are resistant to torment.
Your stone body is resilient. (AC +4)
You are immune to poison.
You resist negative energy. (rN+)
You are resistant to electric shocks. (rElec)
You can survive without breathing.
You are immune to petrification.
You are immune to rotting.


Message History

You are too injured to fight recklessly!
You are too injured to fight recklessly!
You are too injured to fight recklessly!
You are too injured to fight recklessly!
You barely miss the ogre.
The ogre is moderately wounded.
The ogre barely misses you.
You hit the ogre.
The ogre is moderately wounded.
The ogre hits you with a giant club!
* * * LOW HITPOINT WARNING * * *
You barely miss the ogre.
The ogre is moderately wounded.
You hit the ogre.
The ogre is heavily wounded.
The ogre barely misses you.
You hit the ogre.
The ogre is severely wounded.
The ogre hits you with a giant club!!
You die...

####.# .....#
###### # # #.
# ###
#..#######.#.#
....
#......@O...#
####
#..###.#######
#.# #.# #.#
#<# #.# #.#
#.#


You could see an ogre.

Vanquished Creatures
  Eustachio (D:3)
  Menkaure (D:4)
  An ice beast (D:4)
  A wyvern skeleton (D:4)
  A hound (D:3)
  2 orc wizards (D:3)
  5 adders
  An adder skeleton (D:4)
  A worm (D:4)
  4 leopard geckos
  10 orcs (D:3)
  4 giant cockroaches
  4 goblins
  7 hobgoblins
  6 jackals
  6 bats
  6 frilled lizards
  6 kobolds
  16 rats
83 creatures vanquished.

Notes
Turn   | Place    | Note
-------+----------+-------------------------------------------
     0 | D:1      | Jynx the Gargoyle Fighter began the quest for the Orb.
     0 | D:1      | Reached XP level 1. HP: 14/14 MP: 1/1
    99 | D:1      | Reached XP level 2. HP: 19/19 MP: 2/2
   488 | D:2      | Reached XP level 3. HP: 13/23 MP: 3/3
  1687 | D:3      | Reached XP level 4. HP: 28/29 MP: 4/4
  1837 | D:3      | Reached XP level 5. HP: 23/33 MP: 5/5
  2200 | D:3      | Found a shimmering altar of Xom.
  2226 | D:3      | Found a shimmering altar of Xom.
  2386 | D:4      | Noticed Eustachio
  2717 | D:3      | HP: 1/34 [river rat[Eustachio] (6)]
  2729 | D:3      | Killed Eustachio
  2729 | D:3      | Reached skill level 5 in Maces & Flails
  2729 | D:3      | Reached XP level 6. HP: 18/40 MP: 6/6
  3005 | D:4      | Noticed an ice beast
  3018 | D:4      | Killed an ice beast
  3018 | D:4      | Reached skill level 5 in Fighting
  3018 | D:4      | Reached XP level 7. HP: 35/44 MP: 7/7
  3085 | D:4      | Noticed Menkaure
  3089 | D:4      | Killed Menkaure
  3089 | D:4      | Reached skill level 5 in Shields
  3138 | D:4      | Mangled by an ogre

Skill      XL: |  1  2  3  4  5  6  7 |
---------------+----------------------+-----
Maces & Flails | 3 4 5 |  5.8
Fighting       | 4 5 |  5.3
Shields        | 4 5 |  5.0
Armour         | |  3.7

Action                   |  1- 3 |  4- 6 |  7- 9 || total
-------------------------+-------+-------+-------++-------
Melee: Flail             |   191 |   165 |    11 ||   367
  Use: Scroll            |     1 |       |       ||     1
       Potion            |       |     2 |       ||     2
  Eat: Chunk             |     2 |     5 |       ||     7
Armor: Scale mail        |   120 |   176 |     1 ||   297
Dodge: Dodged            |    50 |   108 |     3 ||   161
Block: Shield            |   108 |   135 |       ||   243
